Map: Ascension to Aiur LE

Players

June

  • Race: Protoss Protoss
  • League: Diamond
  • Spawn Location: 11:00

Archile - Winner!

  • Race: Terran Terran
  • League: Diamond
  • Spawn Location: 5:00

VOD

Have the link to the VOD?

Description

Time

  • Played on: Dec. 12, 2017, 7:46 p.m.
  • Length: 10:41
Show
View Real Time Build Order
Export as new Build Order

June Protoss 

Build Orders: Dark Templar Rush 

Get SALT Encoding   

  12  0:00  Probe  
  13  0:13  Probe  
  14  0:19  Pylon  
  14  0:25  Probe  
  15  0:37  Probe  
  15  0:39  Gateway  
  16  0:47  Assimilator  
  16  0:49  Probe (Chrono Boost)  
  18  0:59  Probe (Chrono Boost)  
  18  1:03  Probe  
  19  1:15  Probe  
  19  1:16  Pylon  
  20  1:27  Probe  
  20  1:28  Cybernetics Core  
  21  1:33  Gateway  
  21  1:40  Probe  
  21  1:47  Assimilator  
  22  1:48  Zealot  
  24  2:06  Warp Gate, Gateway  
  24  2:11  Twilight Council  
  24  2:21  Zealot  
  26  2:24  Zealot  
  28  2:31  Pylon  
  28  2:48  Stalker  
  28  2:49  Charge (Chrono Boost)  
  29  2:57  Zealot  
  31  3:15  Probe  
  31  3:19  Zealot  
  36  3:20  Zealot  
  36  3:26  Gateway  
  36  3:28  Zealot  
  38  3:39  Dark Shrine  
  38  3:46  Pylon  
  38  3:56  Pylon  
  38  4:19  Stalker  
  38  4:21  Stalker x2  
  44  4:25  Stalker  
  32  4:56  Dark Templar x2  
  32  4:58  Zealot x2  
  26  5:31  Zealot x4  
  22  6:02  Nexus  
  22  6:05  Pylon  
  22  6:06  Probe  
  23  6:12  Robotics Facility  
  23  6:23  Shield Battery  
  23  6:29  Stalker  
  25  6:38  Stalker  
  27  6:40  Probe  
  28  6:48  Stalker  
  30  6:54  Probe  
  31  7:02  Observer  
  31  7:06  Probe (Chrono Boost)  
  33  7:13  Assimilator  
  34  7:18  Probe (Chrono Boost)  
  34  7:20  Assimilator  
  34  7:21  Probe x2 (Chrono Boost)  
  36  7:27  Observer, Pylon  
  37  7:30  Probe  
  37  7:32  Probe  
  39  7:40  Templar Archives  
  39  7:42  Probe  
  40  7:44  Probe  
  40  7:49  Observer  
  42  7:55  Probe  
  42  7:56  Probe, Stalker  
  42  7:57  Sentry x2  
  50  8:20  Robotics Bay  
  50  8:25  Probe x2  
  52  8:27  Stalker  
  54  8:36  Psionic Storm  
  54  8:41  Probe  
  54  8:42  Probe  
  56  8:51  Nexus  
  58  8:56  Probe (Chrono Boost)  
  58  8:59  Pylon  
  59  9:04  Probe x2 (Chrono Boost)  
  59  9:13  Colossus  
  59  9:15  Probe x2  
  67  9:27  Probe x2  
  67  9:31  Dark Templar  
  67  9:32  Dark Templar  
  57  9:43  Zealot x2  
  31  10:04  Zealot x2  
  20  10:25  Dark Templar x2  
Show
View Real Time Build Order
Export as new Build Order

Archile Terran - Winner!

Build Orders: Reaper Expand, MMM Bio 

Get SALT Encoding   

  12  0:01  SCV  
  13  0:13  SCV  
  14  0:20  Supply Depot  
  14  0:25  SCV  
  15  0:42  SCV  
  16  0:44  Barracks  
  16  0:45  Refinery  
  16  0:54  SCV  
  17  1:06  SCV  
  18  1:19  SCV  
  19  1:31  Orbital Command  
  19  1:33  Reaper  
  20  1:46  Command Center  
  20  1:54  Supply Depot  
  20  1:58  SCV  
  21  2:12  Marine  
  21  2:13  Factory  
  22  2:16  SCV  
  23  2:23  Bunker  
  23  2:28  SCV  
  24  2:40  SCV  
  25  2:51  Barracks x2  
  25  2:52  SCV  
  26  3:04  SCV  
  27  3:08  Widow Mine  
  29  3:15  Barracks Tech Lab  
  29  3:19  Orbital Command  
  28  3:21  SCV  
  29  3:27  Supply Depot  
  29  3:28  Supply Depot  
  29  3:29  Refinery  
  29  3:35  Stimpack, Marine  
  30  3:44  Orbital Command  
  30  3:48  Marine x2  
  30  3:53  Marine  
  33  3:56  Widow Mine  
  35  4:04  Orbital Command  
  35  4:05  Starport  
  35  4:06  Marine x2  
  37  4:10  Marine  
  37  4:15  Bunker  
  38  4:19  Engineering Bay  
  38  4:25  Marine x2  
  38  4:28  Widow Mine  
  42  4:33  Marine  
  43  4:43  Marine  
  38  4:54  SCV x2  
  38  4:58  Viking  
  41  5:08  Missile Turret  
  41  5:09  Missile Turret  
  40  5:20  SCV x2  
  37  5:34  Medivac, Marine x2  
  37  5:35  Widow Mine  
  41  5:43  Supply Depot  
  40  5:54  Marine x2  
  40  5:55  SCV x2  
  44  6:03  Supply Depot, Combat Shields  
  44  6:07  SCV  
  45  6:13  Medivac  
  45  6:15  Terran Infantry Weapons Level 1  
  47  6:22  SCV x2  
  49  6:39  Barracks Reactor  
  49  6:40  Barracks Tech Lab  
  49  6:42  Orbital Command  
  49  6:43  Starport Reactor  
  49  6:44  SCV  
  49  6:45  Factory Reactor  
  50  6:56  SCV, Missile Turret  
  51  7:07  Concussive Shells  
  53  7:08  Marauder, SCV  
  53  7:09  Marauder  
  53  7:12  SCV  
  57  7:20  Supply Depot, SCV  
  57  7:21  Medivac  
  60  7:25  Medivac  
  62  7:31  Refinery  
  62  7:32  Supply Depot  
  62  7:42  SCV x2  
  62  7:43  Supply Depot  
  64  7:51  Supply Depot  
  64  7:54  SCV x2, Armory, Hellion x2, Marine x2  
  64  7:55  Marauder  
  64  7:57  Marauder  
  76  8:05  Supply Depot  
  76  8:08  Supply Depot  
  76  8:10  Medivac  
  78  8:16  Medivac  
  78  8:18  Marine x3  
  78  8:19  Hellion  
  87  8:20  Hellion  
  87  8:22  Marauder  
  87  8:25  SCV x2  
  91  8:42  Command Center  
  91  8:50  Marine x2  
  91  8:51  Marauder  
  99  8:55  Hellbat  
  99  8:56  Hellbat  
  99  9:13  Medivac x2  
  99  9:15  SCV x2  
  105  9:36  Marine x3  
  105  9:37  Marauder  
  102  9:54  SCV, Marine x2  
  102  9:55  Marauder, SCV, Orbital Command  
  102  9:58  Marauder  
  108  10:12  Marine  
Tags
 
Add a new tag
Caveats
  • Supply blocks, unpowered buildings, or Contaminate may cause inaccurate times.
  • Supply counts are checked every 10 seconds.